 Dungeon Crawl Stone Soup version 0.31.0-32-g396128a36d (webtiles) character file.

Game seed: 1358636245109851506

3735 BigDaddyOpFi the Changeling (level 10, -2/69 HPs)
             Began as an Octopode Fighter on Apr 11, 2024.
             Was a Follower of Ashenzari.
             Slain by an orc warrior
             ... wielding a +3 long sword of holy wrath
              (15 damage)
             ... on level 7 of the Dungeon on Apr 12, 2024.
             The game lasted 00:29:56 (12580 turns).

BigDaddyOpFi the Changeling (Octopode Fighter)     Turns: 12580, Time: 00:29:56

Health: -2/69      AC:  2    Str: 15      XL:     10   Next: 15%
Magic:  10/10      EV: 15    Int: 18      God:    Ashenzari [*.....]
Gold:   455        SH:  0    Dex: 14 (15) Spells: 9/9 levels left

rFire   + .          .
                       - Unarmed
rCold   + . .        a - +0 buckler
rNeg    . . .        m - +1 hat of Ashenzari's Loss {Bglg, Melee} (curse)
rPois   +            (no amulet)
rElec   +            F - +6 ring of intelligence
rCorr   +            e - ring "Celestial Adversity" {SInv, Self, Elem} (curse)
SInv    +            (no ring)
Will    .....        (no ring)
Stlth   ++           (no ring)
HPRegen 0.31/turn    (no ring)
MPRegen 0.12/turn    (no ring)
                     (no ring)

%: no passive effects
@: confused, resistant
A: almost no armour, amphibious, 8 rings, camouflage 1, gelatinous body 1,
(nimble swimmer 1), tentacles
a: Renounce Religion, Curse Item, Shatter the Chains


You were on level 7 of the Dungeon.
You worshipped Ashenzari.
Ashenzari was aware of your devotion.
You visited 2 branches of the dungeon, and saw 8 of its levels.
You also visited: Ossuary.

You collected 455 gold pieces.

Inventory:

Hand Weapons
 k - a +5 dire flail of holy wrath
 o - a +3 quarterstaff of chaos
 p - a +4 hammer
 r - a +0 arbalest
 v - a +0 spear
Missiles
 l - 7 poisoned darts
 C - a throwing net
Armour
 a - a +0 buckler (worn)
 i - an orb of guile
 m - the cursed +1 hat of Ashenzari's Loss (worn) {Bglg, Melee}
   (You found it on level 2 of the Dungeon)

   It has a curse which improves the following skills: Beguiling: Hexes and
   Translocations.
   Melee Combat: Short Blades, Long Blades, Axes, Maces & Flails, Polearms,
   Staves and Unarmed Combat.
Jewellery
 e - the cursed ring "Celestial Adversity" (right tentacle) {SInv, Self, Elem}
   (You found it on level 6 of the Dungeon)

   [ring of see invisible]

   SInv:      It lets you see invisible.
   It has a curse which improves the following skills: Introspection: Fighting
   and Spellcasting.
   Elements:  Fire Magic, Ice Magic, Air Magic and Earth Magic.
 F - a +6 ring of intelligence (left tentacle)
 H - a ring of willpower
Talismans
 b - a granite talisman
 G - a flux talisman
Wands
 t - a wand of mindburst (4) (quivered)
 z - a wand of paralysis (8)
Scrolls
 d - 2 scrolls of teleportation
 f - a scroll of noise
 g - 3 scrolls of amnesia
 j - a scroll of brand weapon
 u - a scroll of fog
 x - a scroll of immolation
 y - a scroll of vulnerability
 D - 2 scrolls of revelation
 E - 3 scrolls of poison
 I - a scroll of blinking
Potions
 c - a potion of resistance
 h - 2 potions of attraction
 n - 2 potions of degeneration
 q - 3 potions of haste
 s - 2 potions of cancellation
 w - 2 potions of enlightenment
 A - a potion of invisibility
 B - a potion of brilliance


   Skills:
 - Level 6.0(6.8) Fighting
 - Level 4.8 Throwing
 - Level 5.9 Dodging
 - Level 5.9 Shields
 - Level 5.3(6.1) Unarmed Combat
 * Level 7.7 Shapeshifting


You had 9 spell levels left.
You didn't know any spells.
Your spell library contained the following spells:

 Spells                   Type           Power      Damage    Failure   Level
 Apportation              Tloc           0%         N/A       26%         1
 Freeze                   Ice            0%         1d3       26%         1
 Magic Dart               Conj           0%         1d3       28%         1
 Sting                    Conj/Alch      0%         1d3       28%         1
 Blink                    Tloc           0%         N/A       38%         2
 Call Imp                 Summ           0%         N/A       38%         2
 Ensorcelled Hibernation  Hex/Ice        0%         N/A       38%         2
 Jinxbite                 Hex            0%         N/A       38%         2
 Mercury Vapours          Alch/Air       0%         N/A       38%         2
 Frozen Ramparts          Ice            0%         1d1       63%         3
 Hailstorm                Conj/Ice       0%         3d5       63%         3
 Passwall                 Erth           0%         N/A       63%         3
 Swiftness                Air            0%         N/A       63%         3
 Olgreb's Toxic Radiance  Alch           0%         N/A       95%         4
 Passage of Golubria      Tloc           0%         N/A       95%         4
 Alistair's Intoxication  Alch           0%         N/A       100%        5
 Silence                  Hex/Air        0%         N/A       100%        5
 Lehudib's Crystal Spear  Conj/Erth      0%         10d2      100%        8


Dungeon Overview and Level Annotations

Branches:
Dungeon (7/15)             Temple (1/1) D:4         Ossuary (visited)

Altars:
Ashenzari
Cheibriados
Fedhas
Gozag
Hepliaklqana
Kikubaaqudgha
Makhleb
Okawaru
Sif Muna
Trog
Uskayaw
Vehumet
Wu Jian
Xom
Yredelemnul
Zin

Shops:
D:1 !   D:2 *

Annotations:
D:7 Pikel
Temple 2 transporters


Innate Abilities, Weirdness & Mutations

You cannot wear most types of armour.
You are amphibious.
You can wear up to eight rings at the same time.
Your skin changes colour to match your surroundings (Stealth+).
Your rubbery body absorbs attacks. (AC +1, EV +1)
((You are camouflaged when in or above water. (Stealth+)))
You have tentacles for arms and can constrict up to eight enemies at once.


Message History

The sky beast closely misses you.
You closely miss the sky beast.
The sky beast is severely wounded.
You closely miss the sky beast.
You squeeze the sky beast, but do no damage.
The sky beast is severely wounded.
You block the sky beast's attack.
You tentacle-slap the sky beast. x2; You squeeze the sky beast.
The sky beast is almost dead.
The sky beast closely misses you.
You tentacle-slap the sky beast.
You kill the sky beast!
You enter the shallow water.
You enter the shallow water.
Found a scroll of revelation.
Found a ring of willpower.
E - 3 scrolls of poison
Found a scroll of blinking.
H - a ring of willpower
I - a scroll of blinking
Found a stone staircase leading down.
An orc warrior and an orc wizard come into view.
The orc warrior is wielding a +3 long sword of holy wrath.
You see here a scroll of revelation.
D - 2 scrolls of revelation (gained 1)
The orc warrior shouts!
The orc wizard shouts!
You hear a shout!
An orc wizard comes into view. It is wielding a +0 dagger.
The orc wizard shouts!
You hear a loud, deep croak!
An orc comes into view. It is wielding a +0 whip.
The orc wizard casts a spell at you.
You are confused.
The orc wizard mumbles some strange words.
The orc wizard flickers and vanishes for a moment.
You bump into the rock wall.
The orc warrior hits you with a +3 long sword of holy wrath!
* * * LOW HITPOINT WARNING * * *
You tentacle-slap the orc warrior.
The orc warrior is lightly wounded.
The orc warrior hits you with a +3 long sword of holy wrath!
You die...

...................##.#.......#
........<.....................#
...................#.##.......#
#.#.#...#.####.......##.......#
..#.#...#.# ###..#..##.......#
###.#...#.# #.........######
#.#...#.# #.##..#######
#.#...#.# #.##......... ......#
#@ooo.......# ####o.####...
#..# # #.>.. ##.##. #.. #. #...
# .#.


You could see an orc warrior, 2 orc wizards and an orc.

Vanquished Creatures
  Jeremiah (D:6)
  Maggie (D:6)
  A wyvern (D:6)
  Edmund (D:5)
  Duvessa (D:5)
  2 water moccasins
  2 sky beasts
  A black bear (D:7)
  An ogre (D:4)
  3 phantoms
  A kobold brigand (D:7)
  2 bullfrogs (D:6)
  Blork the orc (D:4)
  11 scorpions
  Dowan (D:5)
  A bombardier beetle (D:3)
  A centaur zombie (Ossuary)
  3 hounds
  2 jellies
  2 sleepcaps
  Crazy Yiuf (D:3)
  3 human zombies (Ossuary)
  5 iguanas
  5 orc wizards
  4 scorpion zombies (Ossuary)
  3 mummies (Ossuary)
  8 gnolls
  7 adders
  A shadow imp (D:7)
  2 ufetubi (D:6)
  An adder zombie (Ossuary)
  A dart slug (D:2)
  4 ribbon worms
  18 orcs
  6 bats
  6 endoplasms
  4 giant cockroaches
  A gnoll zombie (Ossuary)
  6 goblins
  13 hobgoblins
  A jackal (D:3)
  14 kobolds
  3 quokkas (D:3)
  5 ball pythons
  5 ball python zombies (Ossuary)
  3 frilled lizards
  A jackal zombie (Ossuary)
  12 rats
182 creatures vanquished.

Notes
Turn   | Place    | Note
-------+----------+-------------------------------------------
     0 | D:1      | BigDaddyOpFi the Octopode Fighter began the quest for the
                  | Orb.
     0 | D:1      | Reached XP level 1. HP: 16/16 MP: 1/1
   101 | D:1      | Reached XP level 2. HP: 14/21 MP: 2/2
   174 | D:1      | Found Olimiara's Distillery.
   246 | D:1      | You fall into a shaft and drop 1 floor!
   301 | D:2      | Reached XP level 3. HP: 26/26 MP: 3/3
  1587 | D:2      | Found Siezun's Assorted Antiques.
  1594 | D:2      | Reached XP level 4. HP: 31/31 MP: 4/4
  1932 | D:3      | Reached skill level 1 in Shapeshifting
  3320 | D:3      | Found a burning altar of Makhleb.
  3322 | D:3      | Found a glowing silver altar of Zin.
  3323 | D:3      | Noticed an angel
  3323 | D:3      | Noticed a green death
  3954 | D:3      | Reached XP level 5. HP: 36/36 MP: 5/5
  3990 | D:3      | Found a broken altar of Ashenzari.
  4086 | D:3      | Found a runed translucent door.
  4087 | D:3      | Noticed Crazy Yiuf
  4094 | D:3      | Killed Crazy Yiuf
  4165 | D:3      | Reached skill level 2 in Shapeshifting
  4184 | D:3      | Became a worshipper of Ashenzari the Shackled
  4583 | D:4      | Noticed Blork the orc
  4594 | D:4      | Killed Blork the orc
  4595 | D:4      | Reached XP level 6. HP: 21/43 MP: 6/6
  5130 | D:4      | Found a staircase to the Ecumenical Temple.
  5162 | Temple   | Found a transporter.
  5162 | Temple   | Found a transporter.
  5162 | Temple   | Found a transporter.
  5162 | Temple   | Found a transporter.
  5162 | Temple   | Entered the Ecumenical Temple
  6166 | D:4      | Reached skill level 1 in Throwing
  6166 | D:4      | Reached skill level 3 in Shapeshifting
  6166 | D:4      | Reached XP level 7. HP: 30/48 MP: 7/7
  6429 | D:4      | Identified the +4 leather armour of Immorality {Regen+
                  | Dex+2}
  6938 | D:4      | Found a shimmering blue altar of Sif Muna.
  7358 | D:5      | Entered Level 5 of the Dungeon
  7412 | D:5      | Found a shimmering altar of Xom.
  7417 | D:5      | Found a bloodstained altar of Trog.
  7417 | D:5      | Found an ornate altar of the Wu Jian Council.
  7417 | D:5      | Found a hazy altar of Hepliaklqana.
  7417 | D:5      | Found a radiant altar of Vehumet.
  7542 | D:5      | Noticed Edmund
  7560 | D:5      | Found a sand-covered staircase.
  7567 | Ossuary  | Entered an ossuary
  7615 | Ossuary  | Reached skill level 4 in Shapeshifting
  7615 | Ossuary  | Reached XP level 8. HP: 54/54 MP: 8/8
  8060 | Ossuary  | Reached skill level 5 in Fighting
  8068 | Ossuary  | Reached skill level 5 in Dodging
  8378 | D:5      | Killed Edmund
  8379 | D:5      | Reached skill level 5 in Shields
  8379 | D:5      | Reached skill level 5 in Shapeshifting
  8765 | D:5      | Reached XP level 9. HP: 49/61 MP: 9/9
  8807 | D:5      | Noticed Dowan
  8808 | D:5      | Noticed Duvessa
  9215 | D:5      | Killed Duvessa
  9604 | D:5      | Killed Dowan
 10139 | D:6      | Noticed Jeremiah
 10235 | D:6      | Reached * piety under Ashenzari
 10317 | D:7      | Reached skill level 5 in Unarmed Combat
 10509 | D:6      | Noticed Maggie
 10524 | D:6      | Killed Maggie
 10525 | D:6      | Reached skill level 6 in Shapeshifting
 10559 | D:6      | Identified the cursed +1 hat of Ashenzari's Loss {Bglg,
                  | Melee} (You found it on level 2 of the Dungeon)
 11050 | D:6      | Killed Jeremiah
 11737 | D:6      | Reached XP level 10. HP: 54/69 MP: 10/10
 11841 | D:6      | Reached skill level 7 in Shapeshifting
 12339 | D:7      | Noticed Pikel
 12580 | D:7      | Slain by an orc warrior

Illustrated notes

Levels and vault maps discovered:
D:1:      grunt_arrival_crossed_arrows, layout_basic, serial_shops, shop,
          serial_bayou_ford_a, minmay_quantized
D:2:      layout_loops_ring, serial_shops, shop, corexii_leaking_fountain,
          wander_ebering_terrifying_dragon_lair
D:3:      minmay_bubble_buster, layout_basic,
          grunt_temple_overflow_order_and_chaos_2, nicolae_ashenzari_panopticon,
          uniq_crazy_yiuf_cottage
D:4:      layout_basic, kennysheep_orc_sif_temple, minmay_temple_entry_slanted,
          minmay_misc_feat_rugged, uniq_blork_the_orc
D:5:      layout_basic, grunt_temple_overflow_open, chequers_ossuary_entry_cave,
          uniq_edmund, uniq_duvessa
D:6:      layout_cave_pools, serial_column_ruins,
          column_ruins_corridor_straight, column_ruins_corridor_corner,
          column_ruins_open_large, column_ruins_grid_1, column_ruins_grid_1,
          hex_medium, grunt_ministairs_11, uniq_jeremiah, uniq_maggie
D:7:      layout_loops_cross, tso_altar, nicolae_ru_great_annihilating_truth,
          serial_shops, kennysheep_mini_moat, minmay_strange_pillars, uniq_pikel
Temple:   hellmonk_temple_divided_pantheon

Skill      XL: |  1  2  3  4  5  6  7  8  9 10 |
---------------+-------------------------------+-----
Shapeshifting  | 1 2 3 4 5 6 7 |  7.7
Unarmed Combat | 3 4 5 |  5.3
Fighting       | 4 5 6 |  6.0
Dodging        | 4 5 |  5.9
Shields        | 4 5 |  5.9
Throwing       | 1 2 3 4 |  4.8

Action                     |  1- 3 |  4- 6 |  7- 9 | 10-12 || total
---------------------------+-------+-------+-------+-------++-------
  Melee: Unarmed           |    86 |   118 |   305 |    60 ||   569
         Tentacles         |    24 |    37 |    90 |    11 ||   162
         Constrict         |    24 |    30 |    65 |    13 ||   132
         Punch             |     2 |     2 |    11 |     3 ||    18
  Throw: Dart              |       |     5 |    29 |       ||    34
 Invoke: Curse Item        |       |       |     2 |       ||     2
  Evoke: Wand              |       |       |     8 |     3 ||    11
    Use: Scroll            |     5 |     3 |     7 |     1 ||    16
         Potion            |     1 |     2 |    12 |     1 ||    16
   Stab: Sleeping          |     7 |     6 |     5 |     3 ||    21
 Armour: Skin              |    25 |    33 |   161 |    33 ||   252
  Dodge: Dodged            |    47 |    53 |   168 |    32 ||   300
  Block: Buckler           |    15 |    19 |    60 |    15 ||   109
